 Dungeon Crawl Stone Soup version 0.26-a0-1013-gf6ffb0d6bd (webtiles) character file.

Game seed: 5769670749776934913

1127 lastplaneout the Cleaver (level 8, -7/57 HPs)
             Began as a Minotaur Fighter on Dec 8, 2020.
             Was a Follower of Hepliaklqana.
             Mangled by marklar909's ghost (16 damage)
             ... on level 5 of the Dungeon.
             The game lasted 00:09:47 (3770 turns).

lastplaneout the Cleaver (Minotaur Fighter)         Turns: 3770, Time: 00:09:47

Health: -7/57      AC: 13    Str: 22    XL:     8   Next: 13%
Magic:  7/7        EV:  7    Int:  5    God:    Hepliaklqana [*.....]
Gold:   380        SH:  9    Dex: 11    Spells: 7/7 levels left

rFire    . . .     SeeInvis .   v - +0 flail (protect)
rCold    . . .     Faith    .   c - +0 kite shield
rNeg     . . .     Spirit   .   b - +0 scale mail
rPois    .         Reflect  .   (helmet restricted)
rElec    .         Harm     .   (no cloak)
rCorr    .         Rampage  .   (no gloves)
Will     .....                  (no boots)
Stlth    ..........             (no amulet)
HPRegen  0.19/turn              (no ring)
MPRegen  0.10/turn              (no ring)

@: mighty, protection aura
A: retaliatory headbutt, reduced essence, horns 2
a: Recall Ancestor, Ancestor Identity, Renounce Religion


You were on level 5 of the Dungeon.
You worshipped Hepliaklqana.
Hepliaklqana was aware of your devotion.
You visited 1 branch of the dungeon, and saw 5 of its levels.

You collected 380 gold pieces.

Inventory:

Hand Weapons
 a - a +0 war axe
 u - a cursed -3 whip
 v - a +0 flail of protection (weapon)
Armour
 b - a +0 scale mail (worn)
 c - a +0 kite shield (worn)
Jewellery
 y - a cursed amulet of inaccuracy {unknown}
Wands
 r - a wand of disintegration (5)
 x - a wand of enslavement (7)
Scrolls
 e - 3 scrolls of identify
 f - 2 scrolls of fog {unknown}
 i - 8 scrolls of teleportation
 k - 2 scrolls of remove curse
 l - a scroll of magic mapping {unknown}
 m - 2 scrolls of fear {unknown}
 n - a scroll of random uselessness {unknown}
 p - 2 scrolls of immolation {unknown}
 s - a scroll of enchant armour {unknown}
 w - a scroll of noise {unknown}
Potions
 d - a potion of might
 g - 2 potions of curing
 h - a potion of mutation {unknown}
 j - a potion of degeneration {unknown}
 o - 4 potions of flight {unknown}
 q - a potion of brilliance {unknown}
 t - 2 potions of lignification {unknown}


   Skills:
 - Level 3.6 Fighting
 - Level 10.6(11.0) Axes
 + Level 4.5(8.2) Maces & Flails
 + Level 0.3 Slings
 - Level 3.6 Armour
 - Level 3.6 Shields


You had 7 spell levels left.
You didn't know any spells.
Your spell library was empty.

Dungeon Overview and Level Annotations

Branches:
Dungeon (5/15)
 Temple: D:4-7

Altars:
Hepliaklqana
Vehumet
Beogh

Annotations:
D:5 marklar909's ghost, novice TrMo


Innate Abilities, Weirdness & Mutations

You reflexively headbutt those who attack you in melee.
You have a pair of horns on your head.
Your life essence is reduced to manifest your ancestor. (-10% HP)


Message History

Cipactli closely misses marklar909's ghost.
Marklar909's ghost hits you.
* * * LOW HITPOINT WARNING * * *
You hit marklar909's ghost.
Your headbutt misses marklar909's ghost.
Marklar909's ghost is heavily damaged.
Cipactli hits marklar909's ghost but does no damage.
Marklar909's ghost hits you!
* * * LOW HITPOINT WARNING * * *
It was a potion of curing.
You feel better.
Cipactli closely misses marklar909's ghost.
Marklar909's ghost hits you.
* * * LOW HITPOINT WARNING * * *
You feel very mighty all of a sudden.
Cipactli closely misses marklar909's ghost.
You block marklar909's ghost's attack.
You closely miss marklar909's ghost. You headbutt marklar909's ghost!
Marklar909's ghost is severely damaged.
Cipactli hits marklar909's ghost.
Marklar909's ghost hits you!
You die...

._.........# #..# ####.#..#####
...........## #..# #..#..# #
............###..######.##..#####
#.............#.........<#.......
#.........###.....#####.##.######
#........##⌠##..#.# #.........#
#.......##...##...########.####.#
#......##..!..##..#.....##.>....#
#......#⌠..♣...W@.#.###.#########
#......##..!..##R.#.#............
######..##...##..##.#.#.#.......#
##..##⌠##..###.#.#.#........
##.(###...###.#.#.#........
##........##.#.#.#####+#.#
###......##.#.#+#####....
#......##.#...........#
#......##.##..).......#


You could see the friendly Cipactli the ancestor and marklar909's ghost.

Vanquished Creatures
  Eustachio (D:4)
  A sky beast (D:5)
  An ogre (D:4)
  The ghost of gressup the Conjurer, an amateur DsFE (D:3)
  An orc priest (D:4)
  An orc wizard (D:4)
  3 worker ants
  A hound skeleton (D:4)
  7 gnolls
  6 adders
  A white imp (D:5)
  An adder skeleton (D:4)
  A worm (D:3)
  4 leopard geckos
  8 orcs
  2 ball pythons
  4 giant cockroaches
  8 goblins
  8 hobgoblins
  7 jackals
  8 kobolds
  6 bats
  4 frilled lizards
  A leopard gecko skeleton (D:5)
  7 rats
93 creatures vanquished.

Vanquished Creatures (collateral kills)
  A phantom (D:5)
  A black bear (D:3)
  A scorpion (D:4)
  A howler monkey (D:5)
  2 hounds (D:4)
  A worker ant (D:4)
  Robin (D:4)
  An orc (D:4)
  2 giant cockroaches (D:4)
  3 goblins (D:4)
  A quokka skeleton (D:4)
15 creatures vanquished.

Grand Total: 108 creatures vanquished

Notes
Turn   | Place    | Note
-------+----------+-------------------------------------------
     0 | D:1      | lastplaneout the Minotaur Fighter began the quest for the
                  | Orb.
     0 | D:1      | Reached XP level 1. HP: 19/19 MP: 0/0
   143 | D:1      | Reached skill level 3 in Axes
   238 | D:1      | Reached XP level 2. HP: 26/26 MP: 1/1
   687 | D:2      | Reached skill level 4 in Axes
   689 | D:2      | Reached XP level 3. HP: 30/31 MP: 2/2
   950 | D:2      | Reached skill level 5 in Axes
  1176 | D:2      | Reached XP level 4. HP: 22/39 MP: 3/3
  1537 | D:3      | Found a hazy altar of Hepliaklqana.
  1558 | D:3      | Became a worshipper of Hepliaklqana the Forgotten
  1723 | D:3      | Noticed a black bear
  1730 | D:3      | Killed a black bear
  1731 | D:3      | Reached skill level 7 in Axes
  1731 | D:3      | Reached XP level 5. HP: 30/40 MP: 4/4
  1891 | D:3      | Found a runed translucent door.
  1892 | D:3      | Noticed gressup's ghost (amateur DsFE)
  1918 | D:3      | Killed gressup's ghost
  1919 | D:3      | Reached XP level 6. HP: 37/45 MP: 5/5
  2084 | D:3      | Reached skill level 8 in Axes
  2541 | D:4      | Reached * piety under Hepliaklqana
  2546 | D:4      | Reached skill level 9 in Axes
  2599 | D:4      | Found a roughly hewn altar of Beogh.
  2611 | D:4      | Reached XP level 7. HP: 42/51 MP: 6/6
  2810 | D:4      | Noticed Robin
  2812 | D:4      | Killed Robin
  2824 | D:4      | Reached skill level 10 in Axes
  3146 | D:4      | Noticed Eustachio
  3182 | D:4      | Killed Eustachio
  3381 | D:5      | Entered Level 5 of the Dungeon
  3451 | D:5      | Reached skill level 1 in Maces & Flails
  3591 | D:5      | Reached XP level 8. HP: 56/57 MP: 7/7
  3727 | D:5      | Found a runed translucent door.
  3727 | D:5      | Noticed marklar909's ghost (novice TrMo)
  3736 | D:5      | Found a radiant altar of Vehumet.
  3767 | D:5      | HP: 2/57 [marklar909's ghost (8)]
  3770 | D:5      | Mangled by marklar909's ghost

Illustrated notes

Levels and vault maps discovered:
D:1:      evilmike_arrival_home_sweet_home, layout_loops_cross,
          minmay_misc_feat_room
D:2:      layout_basic
D:3:      layout_basic, overflow_temple_1_default, gammafunk_ghost_grave
D:4:      minmay_diamond_boxcup, layout_loops_ring, kennysheep_orc_chapel,
          uniq_robin, uniq_eustachio
D:5:      layout_basic, basic_altar, hellmonk_ghost_happy_afterlife

Skill      XL: |  1  2  3  4  5  6  7  8 |
---------------+-------------------------+-----
Axes           | 3 4 5 7 9 10 | 10.6
Maces & Flails | 3 4 |  4.5
Fighting       | |  3.6
Slings         | |  0.3
Armour         | |  3.6
Shields        | |  3.6

Action                   |  1- 3 |  4- 6 |  7- 9 || total
-------------------------+-------+-------+-------++-------
Melee: War axe           |    82 |    76 |    63 ||   221
       Headbutt          |     7 |    17 |    12 ||    36
       Flail             |       |       |    32 ||    32
Invok: Ancestor Identity |       |     1 |     1 ||     2
  Use: Scroll            |       |       |     3 ||     3
       Potion            |       |       |     2 ||     2
 Stab: Distracted        |       |       |     1 ||     1
Armor: Scale mail        |    44 |    30 |    31 ||   105
Dodge: Dodged            |    32 |    14 |    20 ||    66
Block: Kite shield       |    45 |    36 |    39 ||   120

Table legend: (Time is in decaauts)
 A = Elapsed time spent in this place.
 B = Non-inter-level travel time spent in this place.
 C = Inter-level travel time spent in this place.
 D = Time resting spent in this place.
 E = Time spent auto-exploring this place.
 F = Levels seen in this place.
 G = Mean time per level.
                   A        B        C        D        E       F      G
               +--------+--------+--------+--------+--------+-----+--------+
         Total |   3825 |   3775 |     50 |      0 |   2580 |   5 |  765.0 |
       Dungeon |   3825 |   3775 |     50 |      0 |   2580 |   5 |  765.0 |
               +--------+--------+--------+--------+--------+-----+--------+

Top non-repeatable levels by time:
     D:4: 1208 daAuts
     D:2: 908 daAuts
     D:3: 683 daAuts
     D:1: 632 daAuts
     D:5: 392 daAuts
